AoeStats
← NDF

Arabia

507875892Analyzed
1v1 RM · 13d ago on Sep 20, 2026· 25m 59s· 2 players
Game mode
Random Map
Map size
Tiny (2 player)
Population
200
Speed
Normal
Resources
Standard
Victory
Conquest
Starting age
Dark Age
Ending age
Imperial Age
RankedLock teamsTeams togetherTeam positionsShared explorationLock speedFull tech treeHidden civsTurbo modeCheats
Victory
Defeat
🇦🇷 Teutons · Argentina
577
+16
🇨🇴 Spanish · Colombia
583
-16
NDF
3:06 Loom
12:02 Feudal Age
14:03 Man-at-Arms
21:44 Castle Age
20:37 Horse Collar
20:48 Double-Bit Axe
20:59 Gold Mining
21:49 Stone Mining
alvaroalmeida586
12:43 Feudal Age
16:27 Double-Bit Axe
16:35 Stone Mining
21:54 Castle Age
20:44 Horse Collar
22:46 Wheelbarrow
Connection lost

Rejoining the realm…

Still unreachable

The connection could not be restored.

Session expired

The server has moved on; the page needs a fresh start.